 Dungeon Crawl Stone Soup version 0.19.1 (webtiles) character file.

91 Jerry the Ruffian (level 4, -2/44 HPs)
             Began as a Troll Berserker on Dec 25, 2016.
             Was a Believer of Trog.
             Killed from afar by an oklob plant (9 damage)
             ... with a splash of acid
             ... on level 3 of the Dungeon.
             The game lasted 00:03:22 (1994 turns).

Jerry the Ruffian (Troll Berserker)                 Turns: 1994, Time: 00:03:22

Health: -2/44      AC:  1    Str: 25    XL:     4   Next: 33%
Magic:  3/3        EV: 10    Int:  4    God:    Trog [**....]
Gold:   110        SH:  0    Dex:  9    Spells: 0 memorised, 3 levels left

rFire  . . .     SeeInvis .     h - +0 hand axe (flame)
rCold  . . .     Gourm    +     a - +0 animal skin
rNeg   . . .     Faith    .     (no shield)
rPois  .         Spirit   .     (helmet restricted)
rElec  .         Reflect  .     (no cloak)
rCorr  .         Harm     .     (gloves unavailable)
MR     +....                    (boots unavailable)
Stlth  ++........               (no amulet)
                                o - ring of protection from magic
                                v - ring of stealth

@: corroded
A: unfitting armour, claws 3, fast metabolism 3, gourmand, regeneration 1,
shaggy fur 1, tough skin 2
a: Berserk, Trog's Hand, Burn Spellbooks, Renounce Religion


You were on level 3 of the Dungeon.
You worshipped Trog.
Trog was pleased with you.
You were completely stuffed.

You visited 1 branch of the dungeon, and saw 3 of its levels.

You collected 110 gold pieces.

Inventory:

Hand Weapons
 h - a +0 hand axe of flaming (weapon)
Armour
 a - a +0 animal skin (worn)
Jewellery
 k - a +2 ring of intelligence
 o - a ring of protection from magic (right claw)
 v - a ring of stealth (left claw)
Scrolls
 g - 4 scrolls of identify {unknown}
 j - 2 scrolls of enchant weapon {unknown}
 m - a scroll of random uselessness {unknown}
 t - a scroll of noise {unknown}
 u - 2 scrolls of amnesia {unknown}
 w - a scroll of fear {unknown}
Potions
 d - 2 potions of haste {unknown}
 e - a potion of curing {unknown}
 f - 3 potions of agility
 l - a potion of cancellation {unknown}
 n - a potion of flight {unknown}
 q - a potion of brilliance {unknown}
 r - 2 potions of mutation {unknown}
 x - a potion of heal wounds {unknown}
 z - 2 potions of invisibility {unknown}
Comestibles
 b - 6 bread rations
 c - a slice of pizza
 i - 3 fruits
 p - 8 chunks of flesh
 s - a meat ration


   Skills:
 + Level 2.8 Fighting
 + Level 3.0 Dodging
 * Level 4.3 Unarmed Combat


You had 3 spell levels left.
You didn't know any spells.

Dungeon Overview and Level Annotations

Branches:
Dungeon (3/15)

Altars:
Fedhas
Nemelex Xobeh
Ru

Annotations:
D:3 exclusion: oklob plant


Innate Abilities, Weirdness & Mutations

You are too large for most types of armour.
You have claws for hands.
Your metabolism is lightning-fast.
You like to eat raw meat.
Your natural rate of healing is unusually fast.
You are covered in fur. (AC +1)
You have very tough skin. (AC +2)


Message History

You hit the fungus. You burn the fungus. You claw the fungus!!
The fungus is almost destroyed.
You hit the plant but do no damage. You slash the fungus! You burn the fungus.
You destroy the fungus!
You hit the plant. You burn the plant.
You see here 2 fruits.
You see here 3 fruits.
The oklob plant spits acid at you. The splash of acid hits you!
The acid corrodes you!
You are splashed with acid!
The acid burns!
You see here a fruit.
You hit the oklob plant but do no damage.
You hit the plant but do no damage. The oklob plant spits acid at you.
The splash of acid hits you!
You are splashed with acid!
The acid burns!
* * * LOW HITPOINT WARNING * * *
The oklob plant spits acid at you. The splash of acid hits you!
You die...

....<............# #.# #..#..≈≈
.............###.# #.# ##..####
).>....#####.###.# #.# ####....
....####
#...##.#####.###....... #...#
#.............##.######
######################..##.#
#PP♣PPP♣PP.PP.♣.PP#.P#..##.#
♣PPPPP.♣PPP.♣♣PP#.PPP#..##.#
P.P♣PPPPP.PP#♣P%@%%PP#..##.#
PP♣.PP♣PPPP.P#.PP#.%P#####.#
#P.PPPP.......##PPPPP#####.####
#
#P#P♣♣..≈≈.≈≈..PPPPPP##.......#
#
#PP♣P..≈≈≈.≈≈≈..P♣PPP##.......#
#
.#P#..≈≈≈≈.≈≈≈≈..PP#♣##.....).#
# PP♣P.≈≈≈≈≈.≈≈≈≈≈.PPP#
#..<..).###
.PPP.≈≈≈≈...≈≈≈≈.♣P##
#........<.
PPPP.≈≈≈≈._.≈≈≈≈.PPPP
#.......#..


You could see an oklob plant.

Vanquished Creatures
  Jessica (D:2)
  2 adders (D:3)
  A dart slug (D:2)
  3 orcs (D:3)
  3 giant cockroaches
  10 goblins
  6 hobgoblins
  4 jackals (D:3)
  2 bats
  2 frilled lizards
  A kobold (D:2)
  5 rats
  A fungus (D:3)
41 creatures vanquished.

Vanquished Creatures (others)
  A giant cockroach (D:1)
  8 toadstools (D:3)
9 creatures vanquished.

Grand Total: 50 creatures vanquished

Notes
Turn   | Place    | Note
-------+----------+-------------------------------------------
     0 | D:1      | Jerry the Troll Berserker began the quest for the Orb.
     0 | D:1      | Reached XP level 1. HP: 22/22 MP: 0/0
    74 | D:1      | Found a sparkling altar of Nemelex Xobeh.
   334 | D:1      | Reached XP level 2. HP: 29/29 MP: 1/1
   924 | D:2      | Noticed Jessica
   928 | D:2      | Killed Jessica
   928 | D:2      | Reached XP level 3. HP: 36/36 MP: 2/2
  1672 | D:3      | Reached skill level 4 in Unarmed Combat
  1675 | D:3      | Reached ** piety under Trog
  1751 | D:3      | Found a sacrificial altar of Ru.
  1774 | D:3      | Reached XP level 4. HP: 42/44 MP: 3/3
  1945 | D:3      | Found a blossoming altar of Fedhas.
  1978 | D:3      | Noticed an oklob plant
  1994 | D:3      | Killed from afar by an oklob plant

Skill      XL: |  1  2  3 |
---------------+----------+-----
Unarmed Combat | 4 |  4.3
Dodging        | 3 |  3.0
Fighting       | |  2.8

Action                   |  1- 3 |  4- 6 || total
-------------------------+-------+-------++-------
Melee: Unarmed           |    24 |       ||    24
       Hand axe          |    65 |    32 ||    97
       Punch             |     1 |     2 ||     3
 Stab: Sleeping          |     3 |       ||     3
  Eat: Chunk             |    22 |     2 ||    24
Armor: Animal skin       |    30 |    13 ||    43
Dodge: Dodged            |    64 |    17 ||    81
